 Dungeon Crawl Stone Soup version 0.28-a0-1486-g8196b01e9b (webtiles) character file.

Game seed: 16455582821280817311

375 Bapho the Ruffian (level 6, -5/63 HPs)
             Began as a Troll Monk on Jan 12, 2022.
             Slain by a two-headed ogre (29 damage)
             ... on level 4 of the Dungeon.
             The game lasted 00:05:14 (3478 turns).

Bapho the Ruffian (Troll Monk)                      Turns: 3478, Time: 00:05:14

Health: -5/63      AC:  4    Str: 22    XL:     6   Next: 44%
Magic:  5/5        EV: 10    Int:  6    God:
Gold:   165        SH:  0    Dex: 12    Spells: 5/5 levels left

rFire   . . .      SeeInvis .     - Unarmed
rCold   . . .      Faith    .   (no shield)
rNeg    . . .      Spirit   .   a - +0 robe
rPois   .          Reflect  .   (helmet restricted)
rElec   .          Harm     .   (no cloak)
rCorr   .          Rampage  .   (gloves unavailable)
Will    .....                   (boots unavailable)
Stlth   ++........              (no amulet)
HPRegen 1.00/turn               (no ring)
MPRegen 0.09/turn               (no ring)

@: no status effects
A: large, unfitting armour, claws 3, regeneration 1, shaggy fur 1, tough skin 1
a: no special abilities


You were on level 4 of the Dungeon.
You visited 1 branch of the dungeon, and saw 4 of its levels.

You collected 165 gold pieces.

Inventory:

Missiles
 c - 60 stones (quivered)
 i - a throwing net
Armour
 a - a +0 robe (worn)
Scrolls
 b - a scroll of noise
 d - a scroll of enchant armour {unknown}
 f - a scroll of blinking
 k - a scroll of enchant weapon {unknown}
 l - a scroll of silence {unknown}
 n - a scroll of teleportation
Potions
 e - a potion of heal wounds {unknown}
 g - a potion of ambrosia {unknown}
 h - 2 potions of curing
 j - a potion of brilliance {unknown}
 m - a potion of magic {unknown}


   Skills:
 + Level 4.6 Fighting
 - Level 2.4 Dodging
 - Level 1.0 Stealth
 + Level 5.5 Unarmed Combat


You had 5 spell levels left.
You didn't know any spells.
Your spell library contained the following spells:

 Spells                   Type           Power      Damage    Failure   Level
 Magic Dart               Conj           0%         1d3       45%         1
 Call Imp                 Summ           0%         N/A       58%         2
 Mephitic Cloud           Conj/Pois/Air  0%         N/A       83%         3


Dungeon Overview and Level Annotations

Branches:
Dungeon (4/15)
 Temple: D:4-7

Altars:
Gozag
Makhleb

Annotations:
D:2 Sigmund


Innate Abilities, Weirdness & Mutations

You are too large for most types of armour.
You have claws for hands.
Your natural rate of healing is unusually fast.
You are covered in fur. (AC +1)
You have tough skin. (AC +1)


Message History

A two-headed ogre comes into view.
It is wielding a +0 giant club and a +0 giant spiked club.
You throw a stone. The two-headed ogre shouts in stereo!
The stone hits the orc.
The orc is moderately wounded.
A hound comes into view.
The hound barks!
You claw the orc!
You kill the orc!
You throw a stone.
The stone hits the two-headed ogre but does no damage.
You throw a stone. The stone hits the two-headed ogre.
The two-headed ogre is lightly wounded.
You throw a stone.
The stone hits the hound but does no damage.
The hound bites you but does no damage.
You claw the hound!
The hound is severely wounded.
The hound bites you.
You scratch the two-headed ogre.
The two-headed ogre is lightly wounded.
You claw the two-headed ogre!
The two-headed ogre is moderately wounded.
The two-headed ogre hits you with a +0 giant club!!
The two-headed ogre hits you with a +0 giant spiked club!!
You barely miss the two-headed ogre.
The two-headed ogre is moderately wounded.
You barely miss the two-headed ogre.
The two-headed ogre is moderately wounded.
The two-headed ogre closely misses you.
The two-headed ogre completely misses you.
You scratch the two-headed ogre.
The two-headed ogre is moderately wounded.
The two-headed ogre barely misses you. The two-headed ogre closely misses you.
You scratch the two-headed ogre but do no damage.
The two-headed ogre is moderately wounded.
You claw the two-headed ogre!
The two-headed ogre is heavily wounded.
The two-headed ogre hits you with a +0 giant club!!
You die...

#......##..........#
#.###..###...####### ..
#....#..## #.
###..#.#..###
#!.#..(.#......###
((.>.............# ###
..((.........#.#.# ###..
####...#.....#...####....
#...(hO@............<...
...#...###...#...>..)...#
. #... #.......######.#
..... ...........####.#
....... ..(#.#.#.#......#
...##.. ####.#...#...####
... #.. #.##........# ..
#.. #.........#
.#....#..#


You could see a two-headed ogre and a hound.

Vanquished Creatures
  A phantom (D:4)
  A bullfrog skeleton (D:4)
  A hound (D:4)
  Terence (D:2)
  9 gnolls
  5 adders
  A dart slug (D:2)
  13 orcs
  4 ball pythons
  4 endoplasms
  5 giant cockroaches
  4 goblins
  5 hobgoblins
  5 jackals
  3 quokkas (D:1)
  4 bats
  4 frilled lizards
  4 kobolds
  4 rats
78 creatures vanquished.

Notes
Turn   | Place    | Note
-------+----------+-------------------------------------------
     0 | D:1      | Bapho the Troll Monk began the quest for the Orb.
     0 | D:1      | Reached XP level 1. HP: 22/22 MP: 0/0
   663 | D:1      | Reached XP level 2. HP: 29/29 MP: 1/1
  1060 | D:2      | Noticed Terence
  1070 | D:2      | Killed Terence
  1071 | D:2      | Reached XP level 3. HP: 24/37 MP: 2/2
  1382 | D:2      | Reached skill level 4 in Unarmed Combat
  1593 | D:2      | Reached XP level 4. HP: 45/45 MP: 3/3
  1791 | D:2      | Noticed Sigmund
  2027 | D:3      | Reached XP level 5. HP: 49/54 MP: 4/4
  2184 | D:3      | Found an opulent altar of Gozag.
  2658 | D:3      | Found a faded altar of an unknown god.
  3037 | D:4      | Reached skill level 5 in Unarmed Combat
  3047 | D:4      | Reached XP level 6. HP: 60/62 MP: 5/5
  3260 | D:4      | Found a burning altar of Makhleb.
  3260 | D:4      | Noticed a green death
  3464 | D:4      | Noticed a two-headed ogre
  3478 | D:4      | Slain by a two-headed ogre

Illustrated notes

Levels and vault maps discovered:
D:1:      scummos_arrival_gate, layout_basic, minmay_misc_feat_ornament
D:2:      layout_loops_ring, cheibrodos_gnoll_hut, uniq_terence, uniq_sigmund
D:3:      layout_basic, amcnicky_altar_gilded,
          shapermc_ecumenical_altar_flowoftime, bh_walls_and_bars
D:4:      layout_rooms, nicolae_ru_path_of_blood, makhleb_altar_promises_db,
          chequers_serial_rivers_large_b

Skill      XL: |  1  2  3  4  5 |
---------------+----------------+-----
Fighting       | 3 4 |  4.6
Unarmed Combat | 4 5 |  5.5
Dodging        | |  2.4
Stealth        | |  1.0

Action                   |  1- 3 |  4- 6 || total
-------------------------+-------+-------++-------
Melee: Unarmed           |    55 |   130 ||   185
       Punch             |       |     1 ||     1
Throw: Stone             |   100 |   105 ||   205
  Use: Scroll            |     4 |     1 ||     5
 Stab: Sleeping          |     1 |       ||     1
       Distracted        |       |     1 ||     1
Armor: Robe              |    16 |    28 ||    44
Dodge: Dodged            |    15 |    40 ||    55

Table legend: (Time is in decaauts)
 A = Elapsed time spent in this place.
 B = Non-inter-level travel time spent in this place.
 C = Inter-level travel time spent in this place.
 D = Time resting spent in this place.
 E = Time spent auto-exploring this place.
 F = Levels seen in this place.
 G = Mean time per level.
                   A        B        C        D        E       F      G
               +--------+--------+--------+--------+--------+-----+--------+
         Total |   3509 |   3433 |     76 |      0 |   2849 |   4 |  877.2 |
       Dungeon |   3509 |   3433 |     76 |      0 |   2849 |   4 |  877.2 |
               +--------+--------+--------+--------+--------+-----+--------+

Top non-repeatable levels by time:
     D:3: 1212 daAuts
     D:1: 959 daAuts
     D:2: 860 daAuts
     D:4: 477 daAuts
